 Dungeon Crawl Stone Soup version 0.18.1-47-g9310371 (webtiles) character file.

8974 ishmael the Grappler (level 11, 0/111 HPs)
             Began as a Troll Monk on June 19, 2016.
             Was a High Priest of Okawaru.
             Slain by a troll (8 damage)
             ... on level 10 of the Dungeon.
             The game lasted 00:19:20 (7080 turns).

ishmael the Grappler (Troll Monk)                   Turns: 7080, Time: 00:19:21

Health: 0/111      AC:  9    Str: 26    XL:     11   Next: 16%
Magic:  10/10      EV: 11    Int:  6    God:    Okawaru [*****.]
Gold:   833        SH: 11    Dex: 18    Spells: 0 memorised, 10 levels left

rFire  . . .     SeeInvis .       - Unarmed
rCold  + . .     Gourm    +     R - +2 robe {rC+}
rNeg   . . .     Faith    .     G - +0 shield
rPois  +         Spirit   .     (helmet restricted)
rElec  .         Dismiss  .     Y - +1 cloak {rPois}
rCorr  .         Reflect  .     (gloves unavailable)
SustAt .         Harm     .     (boots unavailable)
MR     .....                    (no amulet)
Stlth  ++........               I - +3 ring of dexterity
                                k - +5 ring of strength

@: not resistant to hostile enchantments, unstealthy
A: unfitting armour, claws 3, fast metabolism 3, gourmand, regeneration 2,
shaggy fur 1, tough skin 2
a: Heroism, Finesse, Renounce Religion


You were on level 10 of the Dungeon.
You worshipped Okawaru.
Okawaru was extremely pleased with you.
You were not hungry.

You visited 2 branches of the dungeon, and saw 11 of its levels.
You also visited: Sewer.

You collected 833 gold pieces.

Inventory:

Missiles
 g - 49 poisoned needles
Armour
 l - a +0 robe of positive energy
 G - a +0 shield (worn)
 R - a +2 robe of cold resistance (worn)
 Y - a +1 cloak of poison resistance (worn)
Jewellery
 f - an uncursed ring of sustain attributes
 k - a +5 ring of strength (left claw)
 A - an uncursed ring of fire
 I - a +3 ring of dexterity (right claw)
 T - an uncursed amulet of guardian spirit {unknown}
 W - an uncursed amulet of dismissal {unknown}
 X - an uncursed ring of poison resistance {unknown}
Wands
 q - a wand of iceblast (8/15)
 w - a wand of lightning (7/15)
 C - a wand of flame (14/48)
 L - a wand of random effects (34/48)
 P - a wand of random effects (23/48)
Scrolls
 a - 5 scrolls of amnesia {unknown}
 c - 2 scrolls of recharging {unknown}
 d - 2 scrolls of magic mapping
 h - 2 scrolls of remove curse
 u - 2 scrolls of fear {unknown}
 v - 2 scrolls of noise {unknown}
 F - a scroll of blinking {unknown}
 H - a scroll of enchant armour {unknown}
 K - a scroll of random uselessness {unknown}
 N - 3 scrolls of teleportation {unknown}
 O - 2 scrolls of fog {unknown}
 Q - a scroll of enchant weapon {unknown}
 V - a scroll of identify
Potions
 e - a potion of heal wounds
 j - a potion of cancellation
 m - 2 potions of brilliance
 n - a potion of might
 p - 3 potions of curing
 s - 2 potions of flight {unknown}
 x - a potion of mutation {unknown}
 z - a potion of agility {unknown}
 B - a potion of beneficial mutation {unknown}
 D - 2 potions of resistance {unknown}
 E - 3 potions of invisibility {unknown}
 J - a potion of degeneration {unknown}
 S - a potion of lignification {unknown}
 U - a potion of ambrosia {unknown}
Miscellaneous
 y - a stone of tremors
Comestibles
 b - 6 bread rations
 i - a slice of pizza
 o - a beef jerky
 r - 3 meat rations
 t - 26 fruits
 M - a royal jelly


   Skills:
 + Level 7.8 Fighting
 + Level 3.5 Dodging
 - Level 1.1 Stealth
 + Level 7.1 Shields
 + Level 12.4 Unarmed Combat


You had 10 spell levels left.
You didn't know any spells.

Dungeon Overview and Level Annotations

Branches:
Dungeon (10/15)            Temple (1/1) D:7            Lair (0/8) D:9
    Orc: D:9-12

Altars:
Ashenzari
Cheibriados
Dithmenos
Elyvilon
Fedhas
Gozag
Kikubaaqudgha
Makhleb
Nemelex Xobeh
Okawaru
Pakellas
Qazlal
Sif Muna
Trog
Vehumet
Xom
Yredelemnul
Zin
The Shining One

Shops:
D:5 %   D:8 (   D:9 *


Innate Abilities, Weirdness & Mutations

You are too large for most types of armour.
You have claws for hands.
Your metabolism is lightning-fast.
You like to eat raw meat.
You heal very quickly.
You are covered in fur (AC +1).
You have very tough skin (AC +2).


Message History

You block the hound's attack.
You barely miss the hound.
The hound is severely wounded.
The hound bites you but does no damage.
You claw the hound!
You kill the hound!
Okawaru accepts your kill. You block the troll's attack.
The troll closely misses you. You block the troll's attack.
Things that are here:
a dagger of protection; a robe; 2 potions of heal wounds You closely miss the troll.
The troll barely misses you. The troll claws you but does no damage.
The troll claws you.
* * * LOW HITPOINT WARNING * * *
You scratch the troll.
The troll is lightly wounded.
The troll barely misses you. The troll claws you.
* * * LOW HITPOINT WARNING * * *
The troll claws you!
You die...

#..........
#..........
#..........
#..########
#..#
#..########
#..........
#.#########
#@########
#T........
#.........
#.........
#.########
#.#########
#..........
#..........
#..........


You could see a troll.

Vanquished Creatures
  Josephine (D:10)
  Erica (D:8)
  Maurice (D:8)
  A troll (D:9)
  A shadow (D:9)
  3 wyverns
  3 wraiths (D:10)
  12 yaks (D:9)
  Eustachio (D:5)
  A steam dragon (D:9)
  4 ice beasts
  2 sky beasts (D:7)
  3 orc warriors
  Purgy (Sewer)
  An ogre (D:9)
  A necrophage (D:9)
  2 phantoms
  8 centaurs
  2 big kobolds (D:8)
  2 giant frogs
  8 killer bees
  3 howler monkeys
  3 crimson imps
  3 hounds
  6 jellies
  A centaur skeleton (D:4)
  3 orc priests
  Crazy Yiuf (D:7)
  Jessica (D:2)
  3 iguanas
  Natasha (thrice) (D:2)
  4 orc wizards
  10 worker ants
  2 hound skeletons (D:5)
  A howler monkey zombie (D:9)
  11 adders
  5 gnolls
  2 shadow imps
  An adder zombie (D:6)
  A worm (D:4)
  A dart slug (D:4)
  4 giant geckos
  22 orcs
  4 giant cockroaches
  11 hobgoblins
  5 jackals
  9 kobolds
  5 quokkas
  4 bats
  3 giant newts
  2 gnoll zombies (D:3)
  4 goblins
  A quokka skeleton (D:6)
  3 rats
201 creatures vanquished.

Notes
Turn   | Place    | Note
--------------------------------------------------------------
     0 | D:1      | ishmael the Troll Monk began the quest for the Orb.
     0 | D:1      | Reached XP level 1. HP: 22/22 MP: 0/0
   192 | D:1      | Reached XP level 2. HP: 29/29 MP: 1/1
   398 | D:2      | Noticed Jessica
   403 | D:2      | Killed Jessica
   403 | D:2      | Reached skill level 5 in Unarmed Combat
   403 | D:2      | Reached XP level 3. HP: 36/36 MP: 2/2
   504 | D:2      | Noticed Natasha
   509 | D:2      | Killed Natasha
   603 | D:2      | Reached XP level 4. HP: 44/44 MP: 3/3
   618 | D:2      | Noticed Natasha
   622 | D:2      | Killed Natasha
   915 | D:2      | Found a deep blue altar of Sif Muna.
   938 | D:2      | Reached skill level 6 in Unarmed Combat
   964 | D:2      | Noticed Natasha
   973 | D:2      | Killed Natasha
  1196 | D:3      | Reached XP level 5. HP: 47/50 MP: 4/4
  1561 | D:3      | Found a basalt altar of Yredelemnul.
  1668 | D:4      | Reached skill level 7 in Unarmed Combat
  1736 | D:4      | Found a glowing drain.
  1741 | D:4      | Reached XP level 6. HP: 32/59 MP: 5/5
  1752 | Sewer    | Entered a sewer
  1950 | Sewer    | Noticed Purgy
  1962 | Sewer    | Killed Purgy
  2125 | D:4      | Reached skill level 8 in Unarmed Combat
  2522 | D:4      | Reached XP level 7. HP: 63/66 MP: 6/6
  2649 | D:5      | Entered Level 5 of the Dungeon
  2681 | D:5      | Reached skill level 9 in Unarmed Combat
  2810 | D:5      | Found Usiqo's Food Emporium.
  3160 | D:5      | Noticed Eustachio
  3177 | D:5      | Killed Eustachio
  3177 | D:5      | Reached skill level 1 in Shields
  3209 | D:5      | Found a shattered altar of Ashenzari.
  3242 | D:5      | Reached XP level 8. HP: 72/75 MP: 7/7
  3864 | D:6      | Found a blossoming altar of Fedhas.
  4051 | D:6      | Reached skill level 10 in Unarmed Combat
  4240 | D:6      | Found a glowing golden altar of the Shining One.
  4376 | D:6      | Found an oddly glowing altar of Pakellas.
  4512 | D:6      | Found a shimmering altar of Xom.
  4594 | D:7      | Found a staircase to the Ecumenical Temple.
  4603 | Temple   | Entered the Ecumenical Temple
  4695 | Temple   | Became a worshipper of Warmaster Okawaru
  4695 | Temple   | Reached * piety under Okawaru
  4695 | Temple   | Reached ** piety under Okawaru
  4762 | D:7      | Noticed Crazy Yiuf
  4768 | D:7      | Killed Crazy Yiuf
  4985 | D:7      | Reached XP level 9. HP: 84/87 MP: 8/8
  5142 | D:8      | Found a bloodstained altar of Trog.
  5161 | D:8      | Reached skill level 5 in Fighting
  5298 | D:8      | Noticed Erica
  5307 | D:8      | Killed Erica
  5307 | D:8      | Reached *** piety under Okawaru
  5317 | D:8      | Reached skill level 11 in Unarmed Combat
  5526 | D:8      | Found Maxkagych's Antique Weapon Emporium.
  5602 | D:8      | Noticed Maurice
  5621 | D:8      | Killed Maurice
  5621 | D:8      | Reached skill level 5 in Shields
  5681 | D:8      | Noticed a two-headed hydra
  5708 | D:8      | Reached XP level 10. HP: 59/100 MP: 9/9
  5848 | D:9      | Found an ancient bone altar of Kikubaaqudgha.
  5920 | D:9      | Reached **** piety under Okawaru
  6030 | D:9      | Reached ***** piety under Okawaru
  6135 | D:9      | Reached skill level 12 in Unarmed Combat
  6498 | D:9      | Found a blossoming altar of Fedhas.
  6557 | D:9      | Found a sparkling altar of Nemelex Xobeh.
  6558 | D:9      | Found an opulent altar of Gozag.
  6606 | D:9      | Found a staircase to the Lair.
  6665 | D:9      | Found a white marble altar of Elyvilon.
  6728 | D:9      | Received a gift from Okawaru
  6847 | D:9      | Reached XP level 11. HP: 91/109 MP: 10/10
  6852 | D:9      | Found a stormy altar of Qazlal.
  6912 | D:9      | Found Quozid's Assorted Antiques.
  7018 | D:10     | Entered Level 10 of the Dungeon
  7036 | D:10     | Noticed Josephine
  7057 | D:10     | HP: 5/110 [Josephine/dagger of protection (8)]
  7067 | D:10     | Killed Josephine
  7080 | D:10     | Slain by a troll

Skill      XL: |  1  2  3  4  5  6  7  8  9 10 11 |
---------------+----------------------------------+-----
Unarmed Combat | 5 6 7 8 9 10 11 12 | 12.4
Fighting       | 3 4 6 7 |  7.8
Shields        | 1 3 5 6 7 |  7.1
Dodging        | 3 |  3.5
Stealth        | |  1.1

Action                   |  1- 3 |  4- 6 |  7- 9 | 10-12 || total
-------------------------+-------+-------+-------+-------++-------
Melee: Unarmed           |    35 |   149 |   224 |   223 ||   631
       Punch             |       |     5 |     2 |       ||     7
Invok: Heroism           |       |       |       |     3 ||     3
  Use: Scroll            |       |       |     8 |       ||     8
       Potion            |       |       |     3 |     2 ||     5
 Stab: Sleeping          |     1 |     2 |     2 |     1 ||     6
       Distracted        |       |       |     1 |       ||     1
  Eat: Chunk             |    11 |    10 |    35 |     9 ||    65
Armor: Robe              |    10 |    53 |    67 |    44 ||   174
Dodge: Dodged            |    10 |    64 |    82 |    64 ||   220
Block: Shield            |       |       |    85 |   124 ||   209
